 Dungeon Crawl Stone Soup version 0.29.1-4-g47bece8355 (webtiles) character file.

Game seed: 441639251227947663

275 GigaChad the Covered (level 6, -1/53 HPs)
             Began as a Minotaur Fighter on Dec 7, 2022.
             Succumbed to a scorpion's poison
             ... on level 4 of the Dungeon.
             The game lasted 00:04:41 (3660 turns).

GigaChad the Covered (Minotaur Fighter)             Turns: 3660, Time: 00:04:42

Health: -1/53      AC:  8    Str: 23    XL:     6   Next: 3%
Magic:  5/5        EV:  6    Int:  5    God:
Gold:   177        SH: 12    Dex:  9    Spells: 5/5 levels left

rFire   . . .      SeeInvis .   a - +0 war axe
rCold   . . .      Faith    .   i - +0 tower shield
rNeg    . . .      Spirit   .   b - +0 scale mail
rPois   .          Reflect  .   (helmet restricted)
rElec   .          Harm     .   j - +0 cloak
rCorr   .          Rampage  .   (no gloves)
Will    .....                   (no boots)
Stlth   ..........              (no amulet)
HPRegen 0.17/turn               (no ring)
MPRegen 0.09/turn               (no ring)

@: lethally poisoned (-1 -> -7)
A: horns 2, retaliatory headbutt
a: no special abilities


You were on level 4 of the Dungeon.
You visited 1 branch of the dungeon, and saw 4 of its levels.

You collected 177 gold pieces.

Inventory:

Hand Weapons
 a - a +0 war axe (weapon)
Armour
 b - a +0 scale mail (worn)
 c - a +0 buckler
 f - a +2 helmet
 i - a +0 tower shield (worn)
 j - a +0 cloak (worn)
Jewellery
 e - a ring of magical power
Wands
 l - a wand of mindburst (10)
Scrolls
 n - a scroll of fear {unknown}
 o - a scroll of noise {unknown}
 s - a scroll of amnesia
Potions
 d - a potion of might
 g - a potion of flight {unknown}
 h - 4 potions of haste {unknown}
 k - a potion of curing {unknown}
 m - 2 potions of heal wounds {unknown}
 q - a potion of invisibility {unknown}
 r - 2 potions of brilliance {unknown}


   Skills:
 + Level 4.6 Fighting
 + Level 4.8 Axes
 + Level 5.0 Armour
 + Level 1.1 Dodging
 + Level 0.4 Stealth
 + Level 4.8 Shields


You had 5 spell levels left.
You didn't know any spells.
Your spell library contained the following spells:

 Spells                   Type           Power      Damage    Failure   Level
 Gell's Gravitas          Tloc           0%         N/A       100%        3
 Lesser Beckoning         Tloc           0%         N/A       100%        3
 Teleport Other           Tloc           0%         N/A       100%        3
 Conjure Ball Lightning   Conj/Air       0%         3x3d6     100%        6
 Discord                  Hex            0%         N/A       100%        8
 Disjunction              Tloc           0%         N/A       100%        8


Dungeon Overview and Level Annotations

Branches:
Dungeon (4/15)
 Temple: D:4-7

Altars:
Qazlal

Shops:
D:1 :


Innate Abilities, Weirdness & Mutations

You have a pair of horns on your head.
You reflexively headbutt those who attack you in melee.


Message History

You block the scorpion's attack.
Your Armour skill increases to level 5!
You hit the scorpion but do no damage.
The scorpion is severely wounded.
You closely miss the gnoll. You block the scorpion's attack.
You block the gnoll's attack. The scorpion stings you.
You are poisoned.
The scorpion poisons you! The gnoll hits you but does no damage.
You feel sick. You block the scorpion's attack. You block the gnoll's attack.
You barely miss the gnoll.
The gnoll is almost dead.
You hit the scorpion.
You feel sick.
The scorpion stings you but does no damage.
The gnoll hits you with a +0 club! The scorpion stings you.
You block the gnoll's attack.
You closely miss the gnoll.
The gnoll is almost dead.
You barely miss the scorpion.
You feel sick. The scorpion stings you.
* * * LOW HITPOINT WARNING * * *
You block the gnoll's attack. The scorpion barely misses you.
You furiously retaliate!
You headbutt the scorpion, but do no damage.
You slash the gnoll!
You kill the gnoll!
You closely miss the scorpion.
You feel sick. The scorpion stings you.
* * * LOW HITPOINT WARNING * * *
You are lethally poisoned!
The scorpion poisons you!
The scorpion stings you but does no damage.
You block the kobold's attack.
You have reached level 6!
Unknown command.
* * * LOW HITPOINT WARNING * * *
You feel sick. You block the scorpion's attack.
The kobold hits you with a +0 short sword.
* * * LOW HITPOINT WARNING * * *
You slash the scorpion!
You kill the scorpion!
You miss the kobold.
You die...

###### ### #### ###..#.#
#.# #..# .......# #.#
#..# ###..#.# #.# #..#
###..#.# #.# #..#
.......# #.# #@.#
.##....###.#####)K#
.........#.......)##.####
..#....#.#...............
.....................####
...........##......#.#
..#.....[..............
.##......................
.##......................


You could see a kobold.

Vanquished Creatures
  An ogre (D:3)
  A scorpion (D:4)
  8 gnolls
  4 adders
  A dart slug (D:4)
  8 orcs
  6 ball pythons
  9 endoplasms
  A giant cockroach (D:3)
  6 goblins
  5 hobgoblins
  3 quokkas
  2 bats
  4 frilled lizards
  7 kobolds
  6 rats
72 creatures vanquished.

Vanquished Creatures (others)
  A plant (D:2)
1 creature vanquished.

Grand Total: 73 creatures vanquished

Notes
Turn   | Place    | Note
-------+----------+-------------------------------------------
     0 | D:1      | GigaChad the Minotaur Fighter began the quest for the Orb.
     0 | D:1      | Reached XP level 1. HP: 19/19 MP: 0/0
   151 | D:1      | Found a faded altar of an unknown god.
   401 | D:1      | Reached XP level 2. HP: 27/27 MP: 1/1
   596 | D:1      | Found Bunem's Vocational Training.
   948 | D:2      | Reached XP level 3. HP: 32/33 MP: 2/2
   952 | D:2      | Reached skill level 4 in Armour
  1074 | D:2      | Reached XP level 4. HP: 36/40 MP: 3/3
  1762 | D:3      | Found a stormy altar of Qazlal.
  2317 | D:3      | Noticed an ogre
  2326 | D:3      | Killed an ogre
  2327 | D:3      | Reached skill level 1 in Dodging
  2327 | D:3      | Reached XP level 5. HP: 6/47 MP: 4/4
  3654 | D:4      | Reached skill level 5 in Armour
  3659 | D:4      | Reached XP level 6. HP: 4/53 MP: 5/5
  3659 | D:4      | HP: 2/53 [poisoned by a scorpion]
  3660 | D:4      | Succumbed to a scorpion's poison

Illustrated notes

Levels and vault maps discovered:
D:1:      amcnicky_arrival_underground_garden, layout_loops_ring,
          shapermc_ecumenical_altar_notcrosses, grunt_decor_cap,
          nicolae_shop_vocational
D:2:      layout_loops_ring, nicolae_grassy_gnolls
D:3:      layout_loops_corners, mainiacjoe_overflow_surrounded_room,
          ebering_dispersal_statue_hall, hex_medium
D:4:      layout_basic

Skill      XL: |  1  2  3  4  5 |
---------------+----------------+-----
Shields        | 4 |  4.8
Fighting       | 4 |  4.6
Axes           | 3 4 |  4.8
Armour         | 4 5 |  5.0
Dodging        | 1 |  1.1
Stealth        | |  0.4

Action                   |  1- 3 |  4- 6 || total
-------------------------+-------+-------++-------
Melee: War axe           |    55 |   101 ||   156
       Headbutt          |     5 |    17 ||    22
  Use: Scroll            |       |     3 ||     3
Armor: Scale mail        |    25 |    56 ||    81
Dodge: Dodged            |    28 |    36 ||    64
Block: Buckler           |    14 |       ||    14
       Tower shield      |       |   110 ||   110
